 Dungeon Crawl Stone Soup version 0.23.2-40-g277498a001 (webtiles) character file.

Game seed: 5681968076323479825

61151 KamiKatze the Devastator (level 15, 0/90 HPs)
             Began as a Tengu Conjurer on Sept 22, 2019.
             Was a High Priest of Vehumet.
             Slain by an orc warrior
             ... wielding a +0 glaive
              (3 damage)
             ... on level 11 of the Dungeon.
             The game lasted 02:54:28 (26387 turns).

KamiKatze the Devastator (Tengu Conjurer)          Turns: 26387, Time: 02:54:29

Health: 0/90       AC: 10    Str:  8    XL:     15   Next: 2%
Magic:  41/41      EV: 14    Int: 22    God:    Vehumet [*****.]
Gold:   1290       SH:  0    Dex: 15    Spells: 2/39 levels left

rFire    + . .     SeeInvis .   a - +8 whip "Snakebite" {curare, rPois}
rCold    . . .     Gourm    .   (no shield)
rNeg     . . .     Faith    .   A - +2 leather armour {rF+}
rPois    +         Spirit   .   (helmet restricted)
rElec    .         Reflect  .   D - +2 cloak
rCorr    .         Harm     .   u - +1 pair of gloves
MR       ++...                  (boots unavailable)
Stlth    ++........             M - amulet of regeneration
HPRegen  0.65/turn              P - ring of magical power
MPRegen  0.27/turn              b - ring of protection from magic

@: flying quickly and evasively, quick
A: beak, talons 3, able to fly
a: Stop Flying, Renounce Religion


You were on level 11 of the Dungeon.
You worshipped Vehumet.
Vehumet was extremely pleased with you.
You were not hungry.

You visited 3 branches of the dungeon, and saw 19 of its levels.
You also visited: Ice Cave.

You collected 1290 gold pieces.

Inventory:

Hand Weapons
 a - the +8 whip "Snakebite" (weapon) {curare, rPois}
   (You found it on level 4 of the Lair of Beasts)

   It poisons the flesh of those it strikes.
   It protects you from poison.
 m - a +2 broad axe of pain
 I - a +1 dagger
Missiles
 H - a throwing net (quivered)
Armour
 g - a +0 robe
 u - a +1 pair of gloves (worn)
 A - a +2 leather armour of fire resistance (worn)
 D - a +2 cloak (worn)
 Q - a +2 buckler
Jewellery
 b - a ring of protection from magic (right hand)
 v - an uncursed ring of protection from fire
 y - the ring of Esuorotu {rPois rF+ rC++ Slay-3}
   (You found it on level 6 of the Dungeon)

   [ring of slaying]

   It affects your accuracy and damage with ranged weapons and melee attacks
   (-3).
   It protects you from fire.
   It greatly protects you from cold.
   It protects you from poison.
 E - an uncursed ring of positive energy
 G - a +1 ring of protection
 M - an amulet of regeneration (around neck)
 P - a ring of magical power (left hand)
Wands
 f - a wand of paralysis (15)
 o - a wand of digging (11)
 C - a wand of flame (36)
 F - a wand of acid (7)
Scrolls
 d - 5 scrolls of remove curse
 l - a scroll of vulnerability {unknown}
 n - 2 scrolls of magic mapping
 s - 3 scrolls of fog
 t - 6 scrolls of teleportation
 J - 4 scrolls of amnesia
Potions
 e - 4 potions of haste
 i - a potion of resistance
 j - 4 potions of curing
 k - 3 potions of lignification
 p - 2 potions of might
 w - 2 potions of magic
 B - 2 potions of agility
 K - a potion of brilliance
 L - a potion of ambrosia {unknown}
Comestibles
 c - 26 rations


   Skills:
 - Level 9.0 Fighting
 - Level 2.4(4.4) Axes
 - Level 5.7(6.0) Maces & Flails
 - Level 2.1 Dodging
 - Level 2.0 Stealth
 - Level 4.2 Shields
 + Level 12.5 Spellcasting
 - Level 16.7 Conjurations
 - Level 6.6 Hexes
 - Level 3.0 Translocations
 - Level 2.1 Fire Magic
 + Level 0.0 Ice Magic
 + Level 12.8 Air Magic


You had 2 spell levels left.
You knew the following spells:

 Your Spells              Type           Power        Failure   Level  Hunger
a - Magic Dart            Conj           ####         0%          1    None
b - Searing Ray           Conj           ######       0%          2    None
c - Dazzling Spray        Conj/Hex       ######       1%          3    None
d - Iskenderun's Mystic   Conj           ######..     1%          4    None
e - Fulminant Prism       Conj/Hex       ######....   1%          4    None
f - Force Lance           Conj/Tloc      ######..     1%          4    None
g - Sticky Flame          Conj/Fire      ######..     1%          4    None
h - Tornado               Air            ######....   100%        9    #######
i - Freezing Cloud        Conj/Ice/Air   ######....   5%          6    #####..

Your spell library contained the following spells:

 Spells                   Type           Power        Failure   Level  Hunger
 Apportation              Tloc           ####..       1%          1    None
 Confusing Touch          Hex            #####.       1%          1    None
 Animate Skeleton         Necr           N/A          7%          1    None
 Beastly Appendage        Tmut           ##....       7%          1    None
 Summon Small Mammal      Summ           ##..         7%          1    None
 Sticks to Snakes         Tmut           ##......     11%         2    None
 Static Discharge         Conj/Air       ######..     1%          3    None
 Lightning Bolt           Conj/Air       ######....   1%          5    ####...
 Spider Form              Tmut/Pois      ##........   21%         3    None
 Ice Form                 Ice/Tmut       ##......     56%         4    None
 Blade Hands              Tmut           ##........   88%         5    ####...
 Ignition                 Fire           ###.......   100%        8    #######
 Shatter                  Erth           ##........   100%        9    #######


Dungeon Overview and Level Annotations

Branches:
Dungeon (12/15)            Temple (1/1) D:4            Lair (6/6) D:8
  Swamp (0/4) Lair:4        Snake (0/4) Lair:4        Slime (0/5) Lair:6
    Orc (0/2) D:12

Altars:
Ashenzari
Cheibriados
Dithmenos
Elyvilon
Fedhas
Gozag
Hepliaklqana
Kikubaaqudgha
Makhleb
Nemelex Xobeh
Okawaru
Qazlal
Ru
Sif Muna
Trog
Uskayaw
Vehumet
Wu Jian
Xom
Yredelemnul
Zin
The Shining One
Jiyva

Shops:
D:10 [

Annotations:
D:9 4 runed translucent doors
D:12 !!!, Rupert
Lair:1 2 runed translucent doors, Icedit's ghost, novice FoFi
Lair:4 1 runed translucent door, freakyemo's ghost, journeyman TrBe


Innate Abilities, Weirdness & Mutations

You have a beak for a mouth.
You have claws for feet.
You can fly continuously.


Message History

The skeletal warrior closely misses you.
The orc barely misses you.
The skeletal warrior hits you with a +0 short sword!
The skeletal warrior hits you from afar with a +0 halberd!
* * * LOW HITPOINT WARNING * * *
The orc warrior hits you with a +0 glaive!
* * * LOW HITPOINT WARNING * * *
You fly upwards.
There is a stone staircase leading down here.
Okay, then.
You feel much better.
The skeletal warrior hits you with a +0 short sword!
* * * LOW HITPOINT WARNING * * *
The orc hits you with a +0 mace!
* * * LOW HITPOINT WARNING * * *
The skeletal warrior closely misses you.
The skeletal warrior hits you with a +0 short sword!
* * * LOW HITPOINT WARNING * * *
The orc warrior hits you from afar with a +0 glaive.
You die...

#.# #........z.......# #.#
##..>########.##.# #.# ##.##
#.##.# #.# #.# #.##.# #.#
#.# ##..... #.# ##'##
#<..... #.# ##...## #.###.#
###.# ##.....## #.###.#
##.#.# ##z@.....## #..##.#
##....###.>o......####...#.#
#.......+o.z.)....'.........
##...####>........####...#.#
#..## ##.......## ##.##.#
#.## ##.....## ##...# #.#
##...## #.###
#.##########'## #.#
#.........##.# #.#


You could see 2 skeletal warriors, an orc warrior and an orc.

Vanquished Creatures
  A fire dragon (D:8)
  7 hydras
  A catoblepas (Lair:5)
  A two-headed ogre (D:10)
  15 death yaks
  5 skeletal warriors
  15 elephants
  7 black mambas
  9 spiny frogs
  14 komodo dragons
  A rime drake (Lair:5)
  A queen bee (D:11)
  11 polar bears
  5 hornets
  5 dream sheep (Lair:6)
  8 hippogriffs
  3 blink frogs
  12 spriggans (Lair:6)
  47 yaks
  3 basilisks
  3 wyverns
  A hungry ghost (D:6)
  7 vampire mosquitoes
  5 nagas (Lair:4)
  13 water moccasins
  6 orc warriors
  A porcupine (Lair:4)
  3 ice beasts
  2 sky beasts
  3 ogres
  5 boggarts (Lair:6)
  An eye of draining (D:11)
  A phantom (D:10)
  25 wolves
  3 centaurs
  9 crocodiles
  A big kobold (D:6)
  13 bullfrogs
  A water moccasin zombie (D:5)
  2 scorpions (D:7)
  3 wights (D:12)
  26 killer bees
  5 electric eels
  3 howler monkeys
  10 crimson imps
  7 orc priests
  6 hounds
  6 jellies
  2 centaur skeletons
  An iron imp (D:6)
  11 orc wizards
  7 hell rats
  8 iguanas
  7 worker ants
  2 hound zombies
  A hound skeleton (D:8)
  A mummy (D:8)
  Robin (D:3)
  3 gnolls (D:6)
  A howler monkey skeleton (D:7)
  16 adders
  4 shadow imps
  An ooze (D:1)
  2 adder skeletons
  5 worms
  A dart slug (D:1)
  6 leopard geckos
  40 orcs
  4 giant cockroaches
  14 goblins
  4 hobgoblins
  4 jackals (D:8)
  5 kobolds
  5 quokkas
  8 bats
  4 frilled lizards
  A giant cockroach zombie (D:6)
  2 quokka skeletons
  4 rats
  6 fungi
  2 plants (Lair:5)
525 creatures vanquished.

Vanquished Creatures (others)
  A bush (Lair:3)
  145 fulminant prisms
  18 fungi
  8 plants
172 creatures vanquished.

Grand Total: 697 creatures vanquished

Notes
Turn   | Place    | Note
-------+----------+-------------------------------------------
     0 | D:1      | KamiKatze the Tengu Conjurer began the quest for the Orb.
     0 | D:1      | Reached XP level 1. HP: 10/10 MP: 4/4
   116 | D:1      | Reached XP level 2. HP: 11/16 MP: 1/6
   120 | D:1      | Learned a level 2 spell: Searing Ray
   394 | D:1      | Reached XP level 3. HP: 20/20 MP: 3/7
   399 | D:1      | Learned a level 3 spell: Dazzling Spray
   962 | D:1      | Reached skill level 1 in Fighting
  1107 | D:2      | Reached skill level 6 in Conjurations
  1407 | D:2      | Reached XP level 4. HP: 19/25 MP: 4/9
  1490 | D:3      | Found an ancient bone altar of Kikubaaqudgha.
  1690 | D:3      | Found a shattered altar of Ashenzari.
  1828 | D:3      | Found a white marble altar of Elyvilon.
  2158 | D:4      | Found a bloodstained altar of Trog.
  2227 | D:4      | Gained mutation: You can fly continuously. [Tengu growth]
  2227 | D:4      | Reached XP level 5. HP: 29/29 MP: 4/10
  2293 | D:4      | Noticed Robin
  2414 | D:3      | Killed Robin
  2641 | D:4      | Found a staircase to the Ecumenical Temple.
  2646 | D:4      | Reached skill level 1 in Hexes
  2654 | Temple   | Entered the Ecumenical Temple
  2950 | D:5      | Entered Level 5 of the Dungeon
  2960 | D:5      | Noticed an ice beast
  3003 | D:5      | Reached XP level 6. HP: 33/35 MP: 8/12
  3009 | D:5      | Learned a level 4 spell: Iskenderun's Mystic Blast
  3042 | D:5      | Reached skill level 7 in Conjurations
  3346 | D:5      | Found a sparkling altar of Nemelex Xobeh.
  3504 | D:5      | Found a shadowy altar of Dithmenos.
  3562 | D:5      | Killed an ice beast
  3562 | D:5      | Reached XP level 7. HP: 30/40 MP: 6/14
  3817 | D:6      | Learned a level 4 spell: Fulminant Prism
  3856 | D:6      | Reached skill level 8 in Conjurations
  3992 | D:6      | Found a bloodstained altar of Trog.
  4060 | D:6      | Found a burning altar of Makhleb.
  4176 | D:6      | Got a transparent mace
  4177 | D:6      | Identified the +3 mace of Death's Door {crush, *Slow rN++}
                  | (You found it on level 6 of the Dungeon)
  4215 | D:6      | Reached skill level 5 in Spellcasting
  4215 | D:6      | Reached XP level 8. HP: 32/46 MP: 1/16
  4325 | D:6      | Got a fine pewter ring
  4327 | D:6      | Identified the cursed ring of Esuorotu {rPois rF+ rC++
                  | Slay-3} (You found it on level 6 of the Dungeon)
  4656 | D:6      | Found a burning altar of Makhleb.
  5142 | D:7      | Noticed a hippogriff
  5157 | D:7      | Killed a hippogriff
  5157 | D:7      | Reached skill level 9 in Conjurations
  5709 | D:7      | HP: 2/48 [killer bee (2)]
  5881 | D:7      | Reached skill level 10 in Conjurations
  5881 | D:7      | Reached XP level 9. HP: 44/52 MP: 4/19
  6070 | D:7      | Found a radiant altar of Vehumet.
  6073 | D:7      | Became a worshipper of Vehumet
  6271 | D:7      | Learned a level 4 spell: Force Lance
  6423 | D:7      | Reached skill level 1 in Translocations
  7045 | D:8      | Noticed a hornet
  7047 | D:8      | Killed a hornet
  7047 | D:8      | Reached skill level 5 in Fighting
  7047 | D:8      | Reached skill level 11 in Conjurations
  7101 | D:8      | Noticed a fire dragon
  7752 | D:8      | Reached XP level 10. HP: 49/59 MP: 3/22
  8038 | D:8      | Found a staircase to the Lair.
  8190 | D:8      | Reached * piety under Vehumet
  8190 | D:8      | Offered knowledge of Sting by Vehumet.
  8194 | D:8      | Found a blossoming altar of Fedhas.
  8805 | D:8      | Found a snail-covered altar of Cheibriados.
  9629 | D:9      | Reached skill level 12 in Conjurations
  9945 | D:9      | Found a huge runed translucent gate.
  9945 | D:9      | Found a huge runed translucent gate.
  9945 | D:9      | Found a huge runed translucent gate.
  9946 | D:9      | Found a huge runed translucent gate.
  9946 | D:9      | Noticed a manticore
  9946 | D:9      | Noticed a manticore
  9985 | D:9      | Found a basalt altar of Yredelemnul.
 10015 | D:9      | Found a shimmering altar of Xom.
 10335 | D:9      | Found a stormy altar of Qazlal.
 10518 | D:10     | Entered Level 10 of the Dungeon
 10808 | D:10     | Found Latihyma's Antique Armour Boutique.
 11010 | D:10     | Offered knowledge of Throw Flame by Vehumet.
 11013 | D:10     | Reached ** piety under Vehumet
 11195 | D:10     | Noticed a two-headed ogre
 11204 | D:10     | Killed a two-headed ogre
 11204 | D:10     | Reached XP level 11. HP: 56/66 MP: 10/24
 11809 | D:11     | Found a frozen archway.
 11815 | IceCv    | Entered an ice cave
 11820 | IceCv    | Reached skill level 13 in Conjurations
 11893 | IceCv    | Reached skill level 5 in Hexes
 12195 | D:11     | Offered knowledge of Inner Flame by Vehumet.
 12453 | D:11     | Reached *** piety under Vehumet
 12512 | D:11     | HP: 2/66 [killer bee (4)]
 14000 | Lair:1   | Entered Level 1 of the Lair of Beasts
 14104 | Lair:1   | Offered knowledge of Sticky Flame by Vehumet.
 14243 | Lair:1   | Learned a level 4 spell: Sticky Flame
 14468 | Lair:1   | Reached skill level 14 in Conjurations
 14468 | Lair:1   | Reached skill level 1 in Fire Magic
 14695 | Lair:1   | Reached skill level 10 in Spellcasting
 14929 | Lair:1   | Reached XP level 12. HP: 49/72 MP: 8/27
 15364 | Lair:1   | Found a large runed translucent door.
 15365 | Lair:1   | Found a large runed translucent door.
 15367 | Lair:1   | Noticed Icedit's ghost (novice FoFi)
 15590 | Lair:2   | Noticed a seven-headed hydra
 15783 | Lair:2   | Reached **** piety under Vehumet
 15882 | Lair:2   | Killed a seven-headed hydra
 15961 | Lair:2   | Offered knowledge of Stone Arrow by Vehumet.
 16405 | Lair:3   | Reached skill level 15 in Conjurations
 17756 | Lair:4   | Found a runed translucent door.
 18071 | Lair:4   | Reached XP level 13. HP: 79/79 MP: 25/29
 18750 | Lair:3   | Reached skill level 16 in Conjurations
 18889 | Lair:4   | Noticed freakyemo's ghost (journeyman TrBe)
 18960 | Lair:4   | Reached ***** piety under Vehumet
 18960 | Lair:4   | Offered knowledge of Throw Icicle by Vehumet.
 19299 | Lair:4   | Reached skill level 1 in Axes
 19581 | Lair:4   | Found a staircase to the Swamp.
 19958 | Lair:4   | Found a staircase to the Snake Pit.
 20047 | Lair:3   | Learned a level 9 spell: Tornado
 20155 | Lair:4   | Reached skill level 1 in Air Magic
 20307 | Lair:4   | Found a hazy altar of Hepliaklqana.
 20365 | Lair:4   | Reached skill level 5 in Air Magic
 20914 | Lair:4   | Found the +8 whip "Snakebite" {curare, rPois}
 21098 | Lair:5   | Reached skill level 1 in Maces & Flails
 22193 | Lair:6   | Entered Level 6 of the Lair of Beasts
 22232 | Lair:5   | Reached XP level 14. HP: 31/86 MP: 16/30
 22300 | Lair:5   | Reached skill level 10 in Air Magic
 22652 | Lair:6   | Offered knowledge of Venom Bolt by Vehumet.
 23673 | Lair:6   | Found a snail-covered altar of Cheibriados.
 23703 | Lair:6   | Reached skill level 5 in Maces & Flails
 23903 | Lair:6   | Found a viscous altar of Jiyva.
 23903 | Lair:6   | Found a staircase to the Slime Pits.
 25097 | Lair:1   | Identified a scroll of acquirement
 25245 | D:12     | Offered knowledge of Freezing Cloud by Vehumet.
 25264 | D:11     | Learned a level 6 spell: Freezing Cloud
 25273 | D:12     | Noticed Rupert
 25396 | D:8      | Reached skill level 1 in Shields
 26218 | D:11     | Reached XP level 15. HP: 70/90 MP: 27/32
 26387 | D:11     | HP: 3/90 [skeletal warrior/+0 short sword (11)]
 26387 | D:11     | Slain by an orc warrior

Skill      XL: |  1  2  3  4  5  6  7  8  9 10 11 12 13 14 15 |
---------------+----------------------------------------------+-----
Fighting       | 1 2 3 4 5 6 7 8 9 |  9.0
Conjurations   | 6 7 8 10 11 12 14 15 16 | 16.7
Spellcasting   | 3 4 5 6 7 8 10 11 12 | 12.5
Hexes          | 1 2 3 4 5 6 |  6.6
Translocations | 2 3 |  3.0
Fire Magic     | 2 |  2.1
Axes           | 2 |  2.4
Air Magic      | 9 12 | 12.8
Maces & Flails | 3 5 |  5.7
Shields        | 3 4 |  4.2
Dodging        | |  2.1
Stealth        | |  2.0

Action                   |  1- 3 |  4- 6 |  7- 9 | 10-12 | 13-15 || total
-------------------------+-------+-------+-------+-------+-------++-------
Melee: Dagger            |    14 |    17 |    53 |    95 |     7 ||   186
       Kick              |     2 |     3 |    18 |    19 |    82 ||   124
       Peck              |     3 |     1 |     6 |    10 |    53 ||    73
       Whip              |       |       |       |     4 |   243 ||   247
       Broad axe         |       |       |       |       |    61 ||    61
 Cast: Magic Dart        |    50 |    52 |    69 |   142 |    35 ||   348
       Searing Ray       |     2 |    16 |    29 |    81 |    22 ||   150
       Fulminant Prism   |       |       |    12 |    75 |    58 ||   145
       Dazzling Spray    |       |       |     3 |    20 |    18 ||    41
       Iskenderun's Myst |       |       |    33 |    76 |   232 ||   341
       Force Lance       |       |       |       |     9 |    45 ||    54
       Sticky Flame      |       |       |       |    15 |     6 ||    21
 Abil: Fly               |       |     1 |       |       |       ||     1
Evoke: Wand              |       |       |       |       |    11 ||    11
  Use: Scroll            |       |     5 |     5 |    12 |     7 ||    29
       Potion            |       |       |     2 |     8 |     3 ||    13
 Stab: Sleeping          |     1 |     1 |     1 |       |       ||     3
       Invisible         |       |       |       |       |     2 ||     2
       Petrified         |       |       |       |       |     4 ||     4
  Eat: Chunk             |     2 |     6 |    13 |    23 |    20 ||    64
       Ration            |       |       |     2 |     5 |     2 ||     9
Armor: Robe              |     1 |     7 |    28 |    13 |       ||    49
       Leather armour    |       |       |       |    93 |   148 ||   241
       Skin              |       |       |       |    27 |       ||    27
Dodge: Dodged            |    11 |    36 |   128 |   274 |   362 ||   811
